[Event "Late-Titled-Tuesday-Blitz-May-14-2024"]
[Site "Chess.com"]
[Date "2024.05.14"]
[Round "6"]
[White "Revan_2002"]
[Black "dealshark"]
[Result "1-0"]
[WhiteElo "2764"]
[BlackElo "2550"]
[TimeControl "180+1"]
[EndTime "15:06:11 PDT"]
[Termination "Revan_2002 won by resignation"]

1. Nf3 d5 2. g3 e6 3. Bg2 c5 4. O-O Nc6 5. c4 Nf6 6. b3 Be7 7.
Bb2 O-O 8. e3 b6 9. Qe2 Bb7 10.
Rd1 Rc8 11. Nc3 d4 12. exd4 cxd4 13. Nb5 d3 14. Qf1 a6 15. Nbd4 Nxd4 16. Nxd4 Bxg2 17. Qxg2 Qc7 18. Re1 Rfd8 19. Nf3 b5 20. Ne5 bxc4 21.
Nxc4 Rd5 22. Rac1 Qd8 23. Bc3 h6 24. Ne3 Rd7 25. Bxf6 Bxf6 26. Qe4 Rdc7 27. Rxc7 Rxc7 28.
Nc4 Qd7 29. Kg2 g6 30. Re3 Qb5 31.
Rxd3 Kg7 32. Qf3 a5 33. Nd6 Qc6 34. Qxc6 Rxc6 35. Ne8+ Kf8 36. Nxf6 Rc2 37. a4 Ke7 38.
Ng4 h5 39. Ne3 f5 40. Nxc2 1-0

[Event "Late-Titled-Tuesday-Blitz-May-14-2024"]
[Site "Chess.com"]
[Date "2024.05.14"]
[Round "6"]
[White "ArtemDyachuk"]
[Black "FaustinoOro"]
[Result "0-1"]
[WhiteElo "2712"]
[BlackElo "2923"]
[TimeControl "180+1"]
[EndTime "15:06:12 PDT"]
[Termination "FaustinoOro won on time"]

1. e4 e5 2. Nf3 Nc6 3. Bb5 a6 4.
Ba4 Nf6 5. O-O b5 6. Bb3 Bc5 7. c3 d6 8. d4 Bb6 9. h3 Bb7 10. Re1 O-O 11. Be3 h6 12. Nbd2 Re8 13. Rc1 exd4 14. cxd4 Nb4 15. e5 Nfd5 16. Nf1 Nxe3 17.
Rxe3 Nd5 18. Re4 c5 19. dxc5 dxc5 20. Ng3 c4 21. Bc2 Nb4 22. Rg4 Qxd1+ 23. Bxd1 Bxf2+ 24. Kxf2 Nd3+ 25. Ke3 Nxc1 26. Nh5 g6 27. Nf6+ Kf8 28.
Nxe8 Rxe8 29. Bc2 Nxa2 30. Kd2 Nb4 31. Bb1 Bxf3 32. gxf3 Rxe5 33. Rf4 Kg7 34. Rd4 Rd5 35.
Rxd5 Nxd5 36. Be4 Nc7 37. Kc3 Kf6 38. Kd4 Ke6 39. Kc5 Kd7 40. Kb6 Kd6 41. Kb7 b4 42. Bb1 a5 43. Bc2 b3 44. Bb1 a4 45. Kb6 a3 0-1

[Event "Late-Titled-Tuesday-Blitz-May-14-2024"]
[Site "Chess.com"]
[Date "2024.05.14"]
[Round "6"]
[White "dropstoneDP"]
[Black "Kildepiotr"]
[Result "1-0"]
[WhiteElo "2953"]
[BlackElo "2728"]
[TimeControl "180+1"]
[EndTime "15:06:12 PDT"]
[Termination "dropstoneDP won by resignation"]

1. e4 c5 2. Nf3 a6 3. g3 b5 4. Bg2 Bb7 5. O-O Bxe4 6. Re1 Bb7 7. d4 e6 8. d5 Nf6 9. Bg5 h6 10. Bxf6 Qxf6 11. Nc3 Qd8 12. Ne5 Bd6 13. Nxf7 Kxf7 14.
dxe6+ dxe6 15. Bxb7 Ra7 16. Qh5+ g6 17. Qf3+ Qf6 18.
Rad1 Qxf3 19. Bxf3 Rd7 20. Bg4 Re8 21. Rd3 Bf8 22.
Rf3+ Kg7 23. Rxe6 Rxe6 24. Bxe6 Re7 25. Bc8 Rc7 26. Bh3 Bd6 27. Nd5 Rf7 28. Re3 c4 29. Kg2 Bc5 30. Re2 Nc6 31. c3 g5 32. Be6 Rf8 33.
f4 Rd8 34. f5 Be7 35. Nxe7 Nxe7 36. Bxc4 Nxf5 37. Bb3 Rd3 38. Kf2 Nd6 39. Bc2 Rd5 40.
Ke1 Kf6 41. Rf2+ Ke5 42. Bb3 Nc4 43. Re2+ Kf5 44. Bxc4 bxc4 45. Rd2 Rb5 46. Kf2 g4 47. Ke3 Ke5 48. Re2 h5 49. Kd2+ Kf5 50. Kc2 a5 51. b3 cxb3+ 52. axb3 Rd5 53. c4 Rd7 54. Kc3 Rd1 55.
Ra2 Rc1+ 56. Kd2 Rh1 57. Rxa5+ Ke4 58. Rxh5 1-0

[Event "Late-Titled-Tuesday-Blitz-May-14-2024"]
[Site "Chess.com"]
[Date "2024.05.14"]
[Round "6"]
[White "Sinquefield"]
[Black "Zhigalko_Sergei"]
[Result "0-1"]
[WhiteElo "2576"]
[BlackElo "2835"]
[TimeControl "180+1"]
[EndTime "15:06:13 PDT"]
[Termination "Zhigalko_Sergei won by checkmate"]

1. d4 Nf6 2. Nf3 e6 3. Bg5 h6 4.
Bh4 b6 5. Nbd2 Bb7 6. e3 Be7 7. Bd3 d6 8. O-O Nbd7 9. c3 O-O 10. Re1 c5 11. Rc1 a6 12. e4 Nh5 13. Bg3 b5 14. Bb1 Rc8 15. e5 Nxg3 16. hxg3 cxd4 17. cxd4 dxe5 18.
Nxe5 Nxe5 19. dxe5 Qd4 20. Nf3 Qxb2 21. Rxc8 Bxc8 22.
Qd3 g6 23. Nh4 Bxh4 24. gxh4 h5 25. Qg3 Qd2 26. Bxg6 Qxe1+ 27. Kh2 Qd2 28. f4 Bb7 29. Be4+ Kh8 30. Bxb7 Rg8 31. Qf3 Rg4 32. Qa3 Qxf4+ 33. Kg1 Qd4+ 34. Kh2 Rxh4+ 35. Kg3 Qf4# 0-1

[Event "Late-Titled-Tuesday-Blitz-May-14-2024"]
[Site "Chess.com"]
[Date "2024.05.14"]
[Round "6"]
[White "wild3000"]
[Black "Mbneu"]
[Result "0-1"]
[WhiteElo "2478"]
[BlackElo "2268"]
[TimeControl "180+1"]
[EndTime "15:06:14 PDT"]
[Termination "Mbneu won by resignation"]

1. d4 Nf6 2. Nf3 c5 3. e3 g6 4.
Be2 cxd4 5. O-O dxe3 6. Bxe3 Bg7 7. c3 O-O 8. Nbd2 d5 9. Re1 Nc6 10. Bf4 Bf5 11. Nb3 Ne4 12. Nbd4 Nxd4 13. cxd4 Rc8 14. Qb3 Qb6 15. Qxb6 axb6 16. Rac1 Rxc1 17. Rxc1 Rc8 18. Rxc8+ Bxc8 19. Bc7 Nd6 20. Bxb6 Nc4 21. Bc5 Nxb2 22. Bxe7 Bg4 23. h3 Be6 24. Kf1 Bf8 25. Bxf8 Kxf8 26. Ke1 Nc4 27. Bxc4 dxc4 28. Kd2 Ke7 29. Kc3 Kd6 30. Ng5 Bd5 31. f3 h6 32. Ne4+ Bxe4 33.
fxe4 b5 34. g4 f6 35. Kb4 Kc6 36. d5+ Kb6 37. a4 bxa4 38. Kxc4 a3 39. Kb3 Kc5 40. h4 f5 41. exf5 gxf5 42. g5 hxg5 43. h5 f4 44. h6 f3 45. h7 f2 46. h8=Q f1=Q 47. Qe5 Qd3+ 48. Ka2 Qxd5+ 49. Qxd5+ Kxd5 0-1

[Event "Late-Titled-Tuesday-Blitz-May-14-2024"]
[Site "Chess.com"]
[Date "2024.05.14"]
[Round "6"]
[White "dianamirza"]
[Black "VladimirBugayev"]
[Result "0-1"]
[WhiteElo "1959"]
[BlackElo "2325"]
[TimeControl "180+1"]
[EndTime "15:06:15 PDT"]
[Termination "VladimirBugayev won by resignation"]

1. e4 c6 2. d4 d5 3. exd5 cxd5 4. Nf3 Nc6 5. Bb5 Bd7 6. c3 Nf6 7. O-O a6 8. Bxc6 Bxc6 9. Ne5 e6 10. f4 g6 11. g4 Ne4 12. Be3 f5 13. Nd2 Bd6 14. Nxe4 Bxe5 15. fxe5 dxe4 16. gxf5 exf5 17. Qb3 Qd7 18.
Rad1 O-O-O 19. Bg5 Rde8 20. d5 Ba4 21. Qc4+ Kb8 22.
e6 Qb5 23. Bf4+ Ka8 24. Qd4 Bxd1 25. Be3 b6 26. Rxd1 Rhf8 27. Qg7 Qe2 28. Qd4 f4 29. Rd2 Qxe3+ 30. Qxe3 fxe3 31. Re2 Rf5 32. c4 b5 33. b3 bxc4 34. bxc4 Rf3 35. d6 Rxe6 36. c5 Kb7 37. Rb2+ Kc6 38. Rc2 Rf2 39. Rxf2 exf2+ 40. Kxf2 0-1

[Event "Late-Titled-Tuesday-Blitz-May-14-2024"]
[Site "Chess.com"]
[Date "2024.05.14"]
[Round "6"]
[White "howitzer14"]
[Black "s-dshubin"]
[Result "1-0"]
[WhiteElo "3015"]
[BlackElo "2320"]
[TimeControl "180+1"]
[EndTime "15:06:16 PDT"]
[Termination "howitzer14 won by resignation"]

1. e4 e6 2. Nf3 d5 3. d3 Nf6 4.
Nbd2 Bc5 5. e5 Nfd7 6. d4 Be7 7. c3 c5 8. Bd3 Nc6 9. O-O Qb6 10. dxc5 Qc7 11. b4 Ndxe5 12. Nxe5 Nxe5 13. Bc2 b6 14. f4 Nc4 15. Nxc4 dxc4 16. Qf3 Bb7 17. Ba4+ Kf8 18. c6 Ba6 19. b5 Bc8 20. Be3 a6 21. Qf2 Rb8 22.
Rad1 a5 23. Bc2 Bf6 24. Bd4 Ke7 25. Be5 Bxe5 26. fxe5 Rf8 27. Rd6 f5 28. Qh4+ Kf7 29. Qxh7 Rd8 30. Rfd1 Bb7 31. Rd7+ Rxd7 32. Rxd7+ Qxd7 33. cxd7 Rd8 34. Bxf5 exf5 35. Qxf5+ Ke7 36. e6 Bd5 37.
Qxd5 1-0

[Event "Late-Titled-Tuesday-Blitz-May-14-2024"]
[Site "Chess.com"]
[Date "2024.05.14"]
[Round "6"]
[White "MatthewG-p4p"]
[Black "jefferyx"]
[Result "0-1"]
[WhiteElo "2836"]
[BlackElo "3088"]
[TimeControl "180+1"]
[EndTime "15:06:17 PDT"]
[Termination "jefferyx won by resignation"]

1. e4 e6 2. d4 d5 3. e5 c5 4. c3 Nc6 5. Nf3 Bd7 6. Be2 Nge7 7. Na3 cxd4 8. cxd4 Nf5 9. Nc2 Rc8 10. a3 a5 11.
O-O Be7 12. Bd3 O-O 13. g4 Nh4 14. Nxh4 Bxh4 15. g5 Bxg5 16. Qh5 h6 17. f4 Be7 18.
Kh1 f5 19. exf6 Rxf6 20. Rg1 Kh8 21. Be3 Qf8 22. Rg2 Be8 23. Qg4 Bd6 24. Rag1 Rc7 25. Rf1 Ne7 26. Ne1 Nf5 27. Bf2 Bg6 28. Rfg1 Bh7 29.
Qh5 Bxf4 30. Nf3 g5 31. Ne5 Bxe5 32. dxe5 Ng7 33. Qh3 Rxf2 34. Qxh6 Ne8 35. Rxf2 Qxh6 0-1

[Event "Late-Titled-Tuesday-Blitz-May-14-2024"]
[Site "Chess.com"]
[Date "2024.05.14"]
[Round "6"]
[White "LLRChess"]
[Black "Kombinator01"]
[Result "0-1"]
[WhiteElo "2522"]
[BlackElo "2385"]
[TimeControl "180+1"]
[EndTime "15:06:17 PDT"]
[Termination "Kombinator01 won on time"]

1. e4 c6 2. d4 d5 3. exd5 cxd5 4. Bd3 Nc6 5. c3 Qc7 6. Nf3 Nf6 7. O-O Bg4 8. h3 Bh5 9. Nbd2 e6 10. Re1 Bd6 11.
Be2 O-O 12. Nf1 Rfe8 13. Bg5 Ne4 14. Bh4 a6 15. N3d2 Bxe2 16. Qxe2 Nxd2 17. Nxd2 b5 18. b4 Ne7 19. a4 Qxc3 20. axb5 axb5 21. Bxe7 Bxe7 22.
Rac1 Qxb4 23. Nf3 Bf6 24. Rb1 Qc4 25. Qe3 b4 26. Rec1 Qb5 27. Rc5 Qb6 28. Ne1 Rec8 29. Nd3 Rxc5 30. dxc5 Qb5 31. Rxb4 Qa6 32. Qf4 h6 33.
Rb3 Qc4 34. Rb8+ Rxb8 35. Qxb8+ Kh7 36. Qb1 g6 37. g3 Bd4 38. Qb7 Kg7 39. Qb1 Bxc5 40.
Qb2+ Bd4 41. Qe2 Bf6 42. Kh2 e5 43. Qd2 d4 44. Nb2 Qc3 45. Qe2 e4 46. Nd1 Qc6 47. h4 d3 48. Qe1 Qc2 49. Ne3 Qe2 50. Qg1 Bd4 51. Nd1 d2 52. Kg2 e3 0-1

[Event "Late-Titled-Tuesday-Blitz-May-14-2024"]
[Site "Chess.com"]
[Date "2024.05.14"]
[Round "6"]
[White "KorolDimitriy75"]
[Black "cthake"]
[Result "1-0"]
[WhiteElo "2403"]
[BlackElo "1870"]
[TimeControl "180+1"]
[EndTime "15:06:18 PDT"]
[Termination "KorolDimitriy75 won on time"]

1. d4 Nf6 2. c4 c5 3. d5 e6 4.
Nc3 exd5 5. cxd5 d6 6. Nf3 g6 7.
Nd2 Bg7 8. Nc4 O-O 9. Bf4 Ne8 10. Qd2 a6 11. a4 Bf5 12. e4 Bxc3 13. Qxc3 Bxe4 14.
Bh6 Qf6 15. Nb6 Ra7 16. Nc8 Qxc3+ 17. bxc3 Ra8 18. Ne7+ Kh8 19. Bxf8 Nd7 20. Bh6 Ndf6 21. f3 Bxd5 22. Nxd5 Nxd5 23. Bc4 Nb6 24. Bxf7 Nf6 25. O-O Rd8 26. a5 Nbd7 27. Rfe1 Ne5 28. Be6 Re8 29. Bh3 Kg8 30. Rab1 Re7 31. f4 Nf7 32. Rxe7 Nxh6 33. Rbxb7 1-0

[Event "Late-Titled-Tuesday-Blitz-May-14-2024"]
[Site "Chess.com"]
[Date "2024.05.14"]
[Round "6"]
[White "Dhaydon19"]
[Black "GMMikhailKazakov"]
[Result "1-0"]
[WhiteElo "2727"]
[BlackElo "2515"]
[TimeControl "180+1"]
[EndTime "15:06:20 PDT"]
[Termination "Dhaydon19 won on time"]

1. c4 c6 2. d4 d5 3. cxd5 cxd5 4.
Nc3 Nf6 5. Nf3 Nc6 6. Bf4 e6 7. e3 a6 8. Bd3 Be7 9. O-O Bd7 10. Rc1 O-O 11. Na4 Ne4 12. Bxe4 dxe4 13. Nd2 f5 14. Nc5 Bc8 15. Nc4 Nb4 16. a3 Nd5 17. Be5 b6 18. Nb3 Bd7 19. Nbd2 Rc8 20. Re1 Bb5 21.
b3 a5 22. f3 exf3 23. Qxf3 a4 24. bxa4 Bxa4 25. e4 fxe4 26. Qg4 Bf6 27. Qxe6+ Kh8 28. Nd6 Rxc1 29. Rxc1 Bxe5 30. dxe5 Nf4 31. Qc4 e3 32. N2e4 b5 33. Qa2 e2 34. Ng5 Qb6+ 35. Kh1 e1=Q+ 36. Rxe1 h6 37. Ndf7+ Rxf7 38. Nxf7+ Kh7 39. Qb1+ g6 40. Qc1 Qd4 41. Nd6 Nd3 42. Qc7+ Kg8 43. Qd8+ Kh7 44. Qe7+ Kg8 45. Qf7+ Kh8 46. Rf1 Nxe5 47. Qf6+ Kh7 48.
Qe7+ 1-0

[Event "Late-Titled-Tuesday-Blitz-May-14-2024"]
[Site "Chess.com"]
[Date "2024.05.14"]
[Round "6"]
[White "nitpicker"]
[Black "MeisterJabo"]
[Result "0-1"]
[WhiteElo "2297"]
[BlackElo "2483"]
[TimeControl "180+1"]
[EndTime "15:06:20 PDT"]
[Termination "MeisterJabo won on time"]

1. d4 Nf6 2. c4 e6 3. g3 d5 4.
Nf3 Be7 5. Bg2 O-O 6. O-O c6 7.
Qc2 a5 8. Rd1 b5 9. cxb5 cxb5 10. Nc3 Ba6 11. Bf4 b4 12. Na4 Nbd7 13. Bc7 Qc8 14.
Rac1 Bb5 15. b3 Qa6 16. Bf1 Rfc8 17. Qb2 Ne4 18. Bf4 Bxa4 19. bxa4 Nc3 20. Rd2 Nb6 21. e4 Qb7 22. e5 Nbxa4 23. Qb3 Nb6 24. Rdc2 a4 25. Qb2 Qd7 26. Bd2 a3 27. Qb3 Nba4 28. Ne1 h6 29. h4 Ra7 30. Nd3 Rac7 31. Kg2 Rc4 32. Nc5 Nxc5 33. dxc5 R4xc5 34. Qxb4 d4 35. Qxa3 Rxe5 36. Qb3 Rb5 37. Rxc3 dxc3 38. Bxb5 Qxd2 39.
Rd1 Qxd1 40. Qxd1 c2 0-1

[Event "Late-Titled-Tuesday-Blitz-May-14-2024"]
[Site "Chess.com"]
[Date "2024.05.14"]
[Round "6"]
[White "Malev212"]
[Black "Sacbutt"]
[Result "1-0"]
[WhiteElo "2622"]
[BlackElo "2363"]
[TimeControl "180+1"]
[EndTime "15:06:21 PDT"]
[Termination "Malev212 won on time"]

1. e4 c5 2. Nf3 d6 3. Bb5+ Bd7 4. Bxd7+ Qxd7 5. O-O Nf6 6. Qe2 Nc6 7. c3 g6 8. d4 Bg7 9. d5 Ne5 10. Nxe5 dxe5 11. c4 O-O 12. Nc3 Ne8 13. Be3 b6 14. a3 Nd6 15. b4 Rfc8 16. bxc5 bxc5 17. Rab1 f5 18. f3 e6 19. Rfd1 exd5 20. Rxd5 Qc6 21. Rbd1 Nb7 22. exf5 gxf5 23. Qc2 Qg6 24. Rd7 Na5 25.
Nd5 Bf8 26. Qa4 Nc6 27. Bf2 e4 28. fxe4 fxe4 29. Qc2 Ne5 30. Rb7 Rab8 31. Rxb8 Rxb8 32. Bg3 Re8 33. Rf1 Bg7 34. Qa4 h5 35. Rf6 1-0

[Event "Late-Titled-Tuesday-Blitz-May-14-2024"]
[Site "Chess.com"]
[Date "2024.05.14"]
[Round "6"]
[White "FredddieCroderg"]
[Black "bazar-wokzal"]
[Result "1-0"]
[WhiteElo "2340"]
[BlackElo "2603"]
[TimeControl "180+1"]
[EndTime "15:06:21 PDT"]
[Termination "FredddieCroderg won by resignation"]

1. e4 c5 2. Bc4 e6 3. Qf3 Nc6 4. d3 Ne5 5. Qg3 Nxc4 6. dxc4 d5 7. exd5 exd5 8. cxd5 Qxd5 9. Nc3 Qe6+ 10. Be3 Bd6 11.
Qxg7 Be5 12. Qg5 Nf6 13. Nf3 Bxc3+ 14. bxc3 Rg8 15. Qxc5 Rxg2 16. O-O-O Bd7 17. Nd4 Qe7 18. Qxe7+ Kxe7 19. Rhg1 Rxg1 20. Rxg1 Rg8 21. Re1 Nd5 22. c4 Nxe3 23. Rxe3+ Kd6 24. Nb5+ Bxb5 25. cxb5 Rg2 26. Rf3 Ke6 27. h4 f5 28. Kb2 Rh2 29. Ra3 Rxh4 30. Kb3 Kd6 31. Rxa7 Kc7 32. Ra8 h5 33. a4 Rf4 34. a5 Rxf2 35. b6+ Kc6 36. c4 h4 37. Rc8+ Kd6 38. a6 1-0

[Event "Late-Titled-Tuesday-Blitz-May-14-2024"]
[Site "Chess.com"]
[Date "2024.05.14"]
[Round "6"]
[White "DeArron_Fox"]
[Black "Felix-Rose"]
[Result "0-1"]
[WhiteElo "2547"]
[BlackElo "2314"]
[TimeControl "180+1"]
[EndTime "15:06:21 PDT"]
[Termination "Felix-Rose won by checkmate"]

1. d4 d5 2. c4 e6 3. Nc3 Nf6 4. cxd5 exd5 5. Bg5 c6 6. e3 Be7 7. Bd3 Nbd7 8. Qc2 h6 9. Bh4 Nh5 10. Bxe7 Qxe7 11. Nge2 Nb6 12. O-O O-O 13. Rae1 Bd7 14.
Nc1 Rae8 15. f3 f5 16. Nb3 Nc8 17. Nc5 Nd6 18. e4 fxe4 19. fxe4 Rxf1+ 20. Rxf1 dxe4 21. N3xe4 Nxe4 22. Bxe4 Nf6 23. Bg6 Qe3+ 24. Kh1 Rb8 25. Qc4+ Kh8 26. Nxd7 Nxd7 27. Qf7 Qxd4 28. h3 Nf6 29.
Qc7 Qd8 30. Qe5 Qf8 31. Bb1 Re8 32. Qf5 Qe7 33. Qg6 Rf8 34. Bc2 Qf7 35. Qg3 Qh5 36.
Bd1 Qg5 37. Qxg5 hxg5 38. Re1 Nd5 39. Bb3 Nf4 40. Re7 b5 41. Rxa7 Rd8 42. Rc7 Rd2 43. Kh2 Rxg2+ 44. Kh1 Rxb2 45. Rxc6 Nxh3 46.
Rc8+ Kh7 47. Bc2+ g6 48. Rc7+ Kh6 49. Bb3 g4 50. Rc3 Kg5 51. Rc5+ Kh4 52. Rc3 Nf2+ 53. Kg1 g3 54. Bd5 Nh3+ 55. Kf1 Rb1+ 56. Ke2 Nf4+ 57. Kf3 Nxd5 58. Rc8 Rf1+ 59. Kg2 Rf2+ 60. Kg1 Nf4 61. Rh8+ Kg4 62. a4 b4 63. a5 Ra2 64. a6 Ra1# 0-1

[Event "Late-Titled-Tuesday-Blitz-May-14-2024"]
[Site "Chess.com"]
[Date "2024.05.14"]
[Round "6"]
[White "Rodalquilar"]
[Black "Grischuk"]
[Result "1-0"]
[WhiteElo "2873"]
[BlackElo "3116"]
[TimeControl "180+1"]
[EndTime "15:06:22 PDT"]
[Termination "Rodalquilar won by resignation"]

1. d4 e6 2. Nf3 c5 3. c3 Nf6 4. Bf4 cxd4 5. cxd4 Qb6 6. Qd2 Nc6 7. Nc3 Bb4 8. a3 Ne4 9. Qd3 Nxc3 10. bxc3 Ba5 11. e4 Qb2 12. Rc1 d5 13. exd5 exd5 14. Be2 h6 15.
O-O Qxa3 16. Ne5 O-O 17. Nxc6 bxc6 18. Qg3 Qe7 19. Bd6 Qxe2 20. Bxf8 Kxf8 21. Rfe1 Qc4 22.
Qd6+ Kg8 23. Re8+ Kh7 24. Qf8 Bb7 25. Rxa8 Bxa8 26. Qxa8 Bxc3 27. Qxa7 Bxd4 28. Rxc4 Bxa7 29. Rxc6 Bd4 30. Rd6 g6 31. Rxd5 Bf6 32. g3 h5 33.
Kg2 Kg7 34. Kf3 Bb2 35. Ke4 f5+ 36. Kd3 Ba1 37. f3 Bf6 38. h3 Bb2 39. Rb5 Ba1 40. Ra5 Bb2 41. Ra2 Be5 42. Rg2 Kf6 43. g4 hxg4 44. hxg4 fxg4 45. Rxg4 Kf5 46. Ke3 Kf6 47. Ra4 Kf7 48. Ke4 Bf6 49. Ra6 Kg7 50. Kf4 Bb2 51. Kg5 Bc1+ 52. f4 Kf7 53. Rf6+ Ke7 54.
Rxg6 1-0

[Event "Late-Titled-Tuesday-Blitz-May-14-2024"]
[Site "Chess.com"]
[Date "2024.05.14"]
[Round "6"]
[White "Eloist"]
[Black "azikom"]
[Result "0-1"]
[WhiteElo "2432"]
[BlackElo "2691"]
[TimeControl "180+1"]
[EndTime "15:06:23 PDT"]
[Termination "azikom won on time"]

1. e4 c5 2. Nf3 e6 3. d4 cxd4 4. Nxd4 a6 5. Bd3 Nc6 6. Nxc6 bxc6 7. O-O d5 8. c4 Nf6 9. Nd2 Be7 10. Qe2 O-O 11. e5 Nd7 12. Nf3 Nc5 13. Bc2 a5 14.
Nd4 Qb6 15. Be3 Ba6 16. b3 Rfd8 17. Rac1 Rac8 18. Rfe1 g6 19. Qg4 dxc4 20. bxc4 Qb4 21. Nb3 Nd3 22. Bxd3 Rxd3 23. Red1 Rxd1+ 24. Rxd1 a4 25. Nd2 Rd8 26. Ne4 Rxd1+ 27. Qxd1 Qxc4 28. Bg5 Bxg5 29. Nxg5 Qd5 30. Qb1 Qxe5 31. Nf3 Qb5 32.
Qd1 Qd3 33. Qc1 Bb5 34. h3 Qd5 35. Qh6 f6 0-1

[Event "Late-Titled-Tuesday-Blitz-May-14-2024"]
[Site "Chess.com"]
[Date "2024.05.14"]
[Round "6"]
[White "Duhless"]
[Black "Szparu"]
[Result "1-0"]
[WhiteElo "3114"]
[BlackElo "2891"]
[TimeControl "180+1"]
[EndTime "15:06:24 PDT"]
[Termination "Duhless won by checkmate"]

1. e4 e6 2. d4 d5 3. e5 c5 4. c3 Nc6 5. Nf3 Bd7 6. Be2 Nge7 7. O-O Nf5 8. Bd3 cxd4 9. Bxf5 exf5 10.
cxd4 h6 11. Nc3 Be6 12. Ne1 Be7 13. Be3 Rc8 14. Rc1 O-O 15. Nd3 Na5 16. b3 Ba3 17. Rc2 Nc6 18. Ne2 Nb4 19. Rxc8 Qxc8 20. Nxb4 Bxb4 21. Nf4 Be7 22. Qf3 g5 23. Nxd5 Bd8 24. Nf6+ Bxf6 25. exf6 f4 26. Bd2 Qd7 27. Re1 Rc8 28.
h4 Bg4 29. Qe4 Bf5 30. Qe5 Rc2 31. hxg5 hxg5 32. Bxf4 gxf4 33. Qxf4 Rc6 34. Qh6 Rxf6 35. Qxf6 Bg6 36. d5 Qxd5 37. Re8+ Kh7 38. Rh8# 1-0

[Event "Late-Titled-Tuesday-Blitz-May-14-2024"]
[Site "Chess.com"]
[Date "2024.05.14"]
[Round "6"]
[White "xasid81"]
[Black "YouShallNotPass001"]
[Result "0-1"]
[WhiteElo "2618"]
[BlackElo "2504"]
[TimeControl "180+1"]
[EndTime "15:06:28 PDT"]
[Termination "YouShallNotPass001 won by checkmate"]

1. h4 Nf6 2. a4 d5 3. b3 e5 4. g3 g6 5. Bb2 Nc6 6. Bg2 Bg7 7. d3 O-O 8. e3 Bg4 9. f3 Be6 10. Ne2 Nd7 11. d4 f5 12. dxe5 Ndxe5 13. Nd4 Bf7 14. O-O Re8 15. h5 Qg5 16. f4 Qxg3 17. fxe5 Qxe3+ 18. Rf2 Bxe5 19. Nxc6 Bxb2 20. Ra2 Bf6 21. Nb4 Bh4 22. c3 Bxf2+ 23. Rxf2 c6 24.
Nd3 d4 25. c4 Qg5 26. Na3 Rad8 27. Nc2 Re7 28. Qf3 b5 29. Qxc6 bxc4 30. bxc4 Qxh5 31. Qf3 Qg5 32. Ncb4 Bxc4 33. Nf4 Re1+ 34. Kh2 Qh4+ 35. Nh3 Bf7 36. Nc6 Rde8 37. Nxd4 Qxd4 38. Ng5 Qh4+ 39. Nh3 R8e3 40. Qa8+ Kg7 41. Qxa7 Qg3# 0-1

[Event "Late-Titled-Tuesday-Blitz-May-14-2024"]
[Site "Chess.com"]
[Date "2024.05.14"]
[Round "6"]
[White "simaopdias"]
[Black "Supelyel"]
[Result "0-1"]
[WhiteElo "2229"]
[BlackElo "2423"]
[TimeControl "180+1"]
[EndTime "15:06:28 PDT"]
[Termination "Supelyel won on time"]

1. e4 d6 2. Nc3 Nf6 3. d4 e5 4. Nf3 Nbd7 5. Be2 Be7 6. Be3 O-O 7. h3 c6 8. O-O b5 9. a3 a6 10. Re1 Bb7 11. Qd2 Re8 12. Rad1 Qc7 13. Bf1 c5 14. d5 b4 15. axb4 cxb4 16. Na4 Nxe4 17. Qd3 Nef6 18. c4 e4 19. Qe2 exf3 20. Qxf3 a5 21.
Qg3 Bf8 22. Bd3 Ne4 23. Qh4 Qd8 24. Qxd8 Raxd8 25. Nb6 Nec5 26. Nxd7 Nxd7 27. Bg5 f6 28.
Bf4 g6 29. g4 Kf7 30. Be3 Ne5 31. Be2 Nd7 32. Kg2 Rc8 33. b3 Nc5 34. Rb1 Rc7 35. Kf1 Bc8 36. Ra1 Nxb3 37. Ra2 Bd7 38. Rb1 a4 39. Bd1 Nc5 40. Rxb4 Ra8 41. Ra3 Be7 42. Rb2 f5 43. f3 Bf6 44. Rf2 h6 45.
Kg2 g5 46. gxf5 Bxf5 0-1

[Event "Late-Titled-Tuesday-Blitz-May-14-2024"]
[Site "Chess.com"]
[Date "2024.05.14"]
[Round "6"]
[White "Brown_Mamba24"]
[Black "NajdorfPlayerc5"]
[Result "0-1"]
[WhiteElo "2597"]
[BlackElo "2404"]
[TimeControl "180+1"]
[EndTime "15:06:29 PDT"]
[Termination "NajdorfPlayerc5 won by resignation"]

1. f3 d5 2. Nc3 d4 3. Ne4 e5 4.
Nf2 Nf6 5. e4 dxe3 6. dxe3 Qxd1+ 7. Nxd1 c6 8. e4 Bd6 9. Bg5 Ke7 10. Ne3 h6 11. Bh4 Bc7 12. Ne2 Be6 13. Ng3 g6 14. O-O-O Bb6 15. Ng4 g5 16. Nxf6 Kxf6 17. Nh5+ Kg6 18.
Bg3 Kxh5 19. Bxe5 Re8 20. h4 g4 21. f4 Nd7 22. Bd6 f5 23. Bd3 fxe4 24. Bxe4 Bxa2 25. Rhe1 Nf6 26. Bf5 Be3+ 27. Rxe3 Rxe3 28. Be5 Nd5 29. b3 a5 30. Kb2 a4 31. Kxa2 axb3+ 32. Kb1 Nc3+ 33. Bxc3 Rxc3 34. Rd6 bxc2+ 35. Bxc2 Kxh4 36.
Rxh6+ Kg3 37. f5 Rf8 38. Rg6 Rxc2 39. Kxc2 Rxf5 40. Rg7 b5 41. Kc3 Rc5+ 42. Kb4 Rc4+ 43.
Kb3 Kxg2 44. Rg6 g3 45. Rf6 Kg1 46. Rg6 g2 47. Kb2 Rf4 48. Kb3 Kf1 49. Rxc6 g1=Q 50. Rc1+ Kg2 51. Rc2+ Rf2 0-1

[Event "Late-Titled-Tuesday-Blitz-May-14-2024"]
[Site "Chess.com"]
[Date "2024.05.14"]
[Round "6"]
[White "slidingknight2775"]
[Black "hawes33"]
[Result "1-0"]
[WhiteElo "2607"]
[BlackElo "2383"]
[TimeControl "180+1"]
[EndTime "15:06:29 PDT"]
[Termination "slidingknight2775 won by resignation"]

1. c4 Nf6 2. Nc3 g6 3. Nf3 Bg7 4. g3 O-O 5. Bg2 c5 6. O-O d6 7. d4 Na6 8. b3 Bf5 9. Bb2 Ne4 10. e3 Nxc3 11. Bxc3 Rb8 12. Nh4 Bd7 13. Rc1 b5 14. dxc5 Bxc3 15. Rxc3 Nxc5 16. cxb5 Bxb5 17. Re1 Qa5 18.
Qa1 Nd3 19. Rd1 Ne5 20. Nf3 Be2 21. Nxe5 Qxe5 22. Rd4 Rfc8 23. Qc1 Rxc3 24. Qxc3 a5 25. Qd2 Ba6 26. h4 Rc8 27. Kh2 h5 28. Rd5 Qe6 29. Rxa5 d5 30. Bxd5 Qb6 31. Bg2 Rd8 32. Rd5 Rc8 33. Qd4 Qc7 34. Rd7 Qc2 35. Rd8+ Rxd8 36. Qxd8+ Kg7 37. Kg1 Qd1+ 38. Qxd1 Bb5 39. Qe1 Bd7 40.
Bf1 Be6 41. Be2 Bf5 42. Qd2 e5 43. f3 e4 44. fxe4 Bg4 45. Kf2 Bf5 46. exf5 1-0

[Event "Late-Titled-Tuesday-Blitz-May-14-2024"]
[Site "Chess.com"]
[Date "2024.05.14"]
[Round "6"]
[White "Naruto-K"]
[Black "tarno17"]
[Result "1-0"]
[WhiteElo "2474"]
[BlackElo "2218"]
[TimeControl "180+1"]
[EndTime "15:06:29 PDT"]
[Termination "Naruto-K won by checkmate"]

1. Nf3 d5 2. g3 e6 3. Bg2 Nf6 4.
O-O c5 5. c4 Be7 6. cxd5 Nxd5 7. Nc3 O-O 8. Nxd5 exd5 9. d4 c4 10. Bf4 Nc6 11. Qc2 Nb4 12. Qb1 Be6 13. Ne5 Qc8 14. e4 f6 15. exd5 Nxd5 16. Nf3 Nxf4 17. gxf4 Bf5 18. Qc1 Bd3 19. Re1 Bd6 20. Qd2 Qg4 21.
d5 Bxf4 22. Qb4 Qh5 23. h3 Qxd5 24. Ne5 Qd8 25. Nxd3 cxd3 26. Qxf4 Rb8 27. Red1 Qb6 28. Qf3 Rfd8 29. Rxd3 Re8 30. Rad1 Qxb2 31. Qd5+ Kh8 32.
Qd7 h6 33. Rg3 Rg8 34. a4 Qe5 35. Rf1 b6 36. Qf7 Rbd8 37. Re3 Qg5 38. Rg3 Qe5 39.
Qg6 Rd4 40. Rf3 Rh4 41. Rf5 Qd4 42. Rh5 Rf4 43. Rxh6+ gxh6 44. Qxh6# 1-0

[Event "Late-Titled-Tuesday-Blitz-May-14-2024"]
[Site "Chess.com"]
[Date "2024.05.14"]
[Round "6"]
[White "MyDream003"]
[Black "jeetjain"]
[Result "1-0"]
[WhiteElo "2837"]
[BlackElo "2577"]
[TimeControl "180+1"]
[EndTime "15:06:31 PDT"]
[Termination "MyDream003 won by resignation"]

1. e4 c6 2. d4 d5 3. e5 c5 4. Nf3 Nc6 5. c4 cxd4 6. Nxd4 dxc4 7. Nxc6 Qxd1+ 8. Kxd1 bxc6 9. Bxc4 Bf5 10. Be3 e6 11. Ke2 Ne7 12. Nc3 Nd5 13. Nxd5 exd5 14. Bb3 a5 15. Ba4 Bd7 16. Rac1 Rc8 17. Rhd1 h5 18.
Rxd5 h4 19. Rxa5 h3 20. g3 Rh5 21. f4 f6 22. Bb3 Bb4 23. Ra7 fxe5 24. Rc4 Bd6 25. Kf3 c5 26. Ba4 Bxa4 27. Rcxa4 exf4 28. Bxf4 Bxf4 29. Rxf4 Rh6 30. Rxg7 Rcc6 31. Ra4 Rcf6+ 32. Kg4 Kf8 33. Rb7 Rfg6+ 34. Kf3 Rf6+ 35. Rf4 Rxf4+ 36. Kxf4 Rf6+ 37. Kg4 Rh6 38. a4 Ke8 39. a5 Kd8 40. Rb5 Rc6 41. Kxh3 Kc7 42. Kg4 Kd6 43. Rb6 1-0